 Dungeon Crawl Stone Soup version 0.31-a0-1612-g4aaf141004 (webtiles) character file.

Game seed: 17409456614405233573

45 komi the Apothecary (level 3, 0/21 HPs)
             Began as an Octopode Alchemist on Jan 9, 2024.
             Slain by a gnoll
             ... wielding a +0 flail
              (12 damage)
             ... on level 2 of the Dungeon.
             The game lasted 00:05:10 (975 turns).

komi the Apothecary (Octopode Alchemist)             Turns: 975, Time: 00:05:10

Health: 0/21       AC:  2    Str: 10    XL:     3   Next: 64%
Magic:  3/6        EV: 13    Int: 27    God:
Gold:   30         SH:  0    Dex: 12    Spells: 2/6 levels left

rFire   . . .        b - +1 dagger
rCold   . . .        (no shield)
rNeg    . . .        d - +1 hat of the Fifty Underlurkers {rPois Str+3 Int+2}
rPois   +            (no amulet)
rElec   .            c - +6 ring of intelligence
rCorr   .            (no ring)
SInv    .            (no ring)
Will    .....        (no ring)
Stlth   +++          (no ring)
HPRegen 0.23/turn    (no ring)
MPRegen 0.10/turn    (no ring)
                     (no ring)

%: no passive effects
@: no status effects
A: almost no armour, amphibious, 8 rings, camouflage 1, gelatinous body 1,
(nimble swimmer 1), tentacles
a: no special abilities


You were on level 2 of the Dungeon.
You visited 1 branch of the dungeon, and saw 2 of its levels.

You collected 30 gold pieces.

Inventory:

Hand Weapons
 b - a +1 dagger (weapon)
Armour
 d - the +1 hat of the Fifty Underlurkers (worn) {rPois Str+3 Int+2}
   (You acquired it on level 1 of the Dungeon)

   Str+3:     It affects your strength (+3).
   Int+2:     It affects your intelligence (+2).
   rPois:     It protects you from poison
Jewellery
 c - a +6 ring of intelligence (left tentacle)
Potions
 a - a potion of magic
 g - a potion of ambrosia {unknown}


   Skills:
 - Level 2.3 Dodging
 + Level 3.6 Stealth
 + Level 2.3 Spellcasting
 - Level 1.5 Conjurations
 + Level 3.7 Alchemy


You had 2 spell levels left.
You knew the following spells:

 Your Spells              Type           Power      Damage    Failure   Level
a - Sting                 Conj/Alch      68%        1d7       3%          1
b - Mephitic Cloud        Conj/Alch/Air  12%        N/A       14%         3

Your spell library contained the following spells:

 Spells                   Type           Power      Damage    Failure   Level
 Mercury Vapours          Alch/Air       26%        N/A       7%          2
 Dazzling Flash           Conj/Hex       14%        N/A       21%         3
 Olgreb's Toxic Radiance  Alch           23%        N/A       21%         4
 Sticky Flame             Fire/Alch      13%        2d5       41%         4
 Curse of Agony           Necr           3%         N/A       95%         5
 Silence                  Hex/Air        1%         N/A       95%         5


Dungeon Overview and Level Annotations

Branches:
Dungeon (2/15)

Altars:


Innate Abilities, Weirdness & Mutations

You cannot wear most types of armour.
You are amphibious.
You can wear up to eight rings at the same time.
Your skin changes colour to match your surroundings (Stealth+).
Your rubbery body absorbs attacks. (AC +1, EV +1)
((You are camouflaged when in or above water. (Stealth+)))
You have tentacles for arms and can constrict up to eight enemies at once.


Message History

You constrict the adder. The adder closely misses you.
Unknown command.
You hit the adder. You squeeze the adder.
You kill the adder!
A rat is nearby!
A rat is nearby!
The helpless rat fails to defend itself.
You puncture the rat!
You kill the rat!
No target in view!
A gnoll comes into view. It is wielding a +2 spear of freezing.
A gnoll is nearby!
A gnoll is nearby!
A gnoll is nearby!
A gnoll comes into view. It is wielding a +0 flail.
A gnoll comes into view. It is wielding a +0 club.
Found a yellow potion and 7 gold pieces.
The gnoll shouts! x3
The gnoll hits you with a +2 spear of freezing.
The gnoll freezes you.
You closely miss the gnoll. You grab the gnoll. You constrict the gnoll.
You lose your grip on the gnoll.
You hit the gnoll but do no damage. Your grab misses the gnoll.
The gnoll hits you from afar with a +2 spear of freezing.
The gnoll freezes you.
Casting: Sting (safe; 3% risk of failure)
Confirm with . or Enter, or press ? or * to list all spells.
Aiming: Mephitic Cloud (extremely dangerous; 14% risk of failure)
Press: ? - help, Shift-Dir - straight line, f - gnoll
Aim: a gnoll, wielding a +0 club (chance to affect: 91%)
The ball explodes into a vile cloud!
The stinking cloud engulfs the gnoll. x2
The gnoll is lightly wounded.
The stinking cloud engulfs the gnoll.
The gnoll closely misses you.
The gnoll is engulfed in noxious fumes.
The gnoll appears confused.
The gnoll hits the gnoll with a +2 spear of freezing.
The gnoll freezes the gnoll.
The gnoll completely misses itself.
The gnoll is engulfed in noxious fumes.
The gnoll attacks as it pursues you! The gnoll hits you with a +0 flail!
Ouch! That really hurt!
You die...

+...8..<..8.....#
##...........####
##..#####..## ##.
#.## #.#####.#
#...#...# #...###
#...# #..@# #..g#
+☼g.# #§§g# #.☼.#
#...# #...# #.$!+
#...#


You could see 3 gnolls.

Vanquished Creatures
  An adder (D:2)
  A dart slug (D:1)
  3 endoplasms (D:1)
  3 goblins (D:1)
  3 hobgoblins (D:1)
  2 jackals (D:1)
  A quokka (D:1)
  5 ball pythons (D:1)
  2 bats (D:1)
  3 frilled lizards (D:1)
  5 kobolds
  4 rats
33 creatures vanquished.

Notes
Turn   | Place    | Note
-------+----------+-------------------------------------------
     0 | D:1      | komi the Octopode Alchemist began the quest for the Orb.
     0 | D:1      | Reached XP level 1. HP: 11/11 MP: 3/3
   181 | D:1      | Reached XP level 2. HP: 17/17 MP: 5/5
   285 | D:1      | Found a faded altar of an unknown god.
   616 | D:1      | Reached XP level 3. HP: 16/21 MP: 6/6
   938 | D:1      | Identified a scroll of acquirement
   938 | D:1      | Acquired the +1 hat of the Fifty Underlurkers {rPois Str+3
                  | Int+2}
   951 | D:1      | Learned a level 3 spell: Mephitic Cloud
   975 | D:2      | Slain by a gnoll

Illustrated notes

Levels and vault maps discovered:
D:1:      minmay_arrival_stone_box, layout_basic, basic_ecumenical_altar
D:2:      layout_basic, serial_shops, shop, grunt_ministairs_15,
          interstate_on_off, uniq_natasha, uniq_robin

Skill      XL: |  1  2 |
---------------+-------+-----
Stealth        | 3 |  3.6
Dodging        | |  2.3
Spellcasting   | |  2.3
Conjurations   | |  1.5
Alchemy        | |  3.7

Action                     || total
---------------------------++-------
  Melee: Dagger            ||    57
         Constrict         ||    15
         Tentacles         ||    15
         Unarmed           ||     3
         Punch             ||     2
   Cast: Sting             ||     4
         Mephitic Cloud    ||     1
    Use: Scroll            ||     3
   Stab: Sleeping          ||     8
 Armour: Skin              ||    33
  Dodge: Dodged            ||    36

Table legend: (Time is in decaauts)
 A = Elapsed time spent in this place.
 B = Non-inter-level travel time spent in this place.
 C = Inter-level travel time spent in this place.
 D = Time resting spent in this place.
 E = Time spent auto-exploring this place.
 F = Levels seen in this place.
 G = Mean time per level.
                   A        B        C        D        E       F      G
               +--------+--------+--------+--------+--------+-----+--------+
         Total |    973 |    960 |     13 |     45 |    679 |   2 |  486.5 |
       Dungeon |    973 |    960 |     13 |     45 |    679 |   2 |  486.5 |
               +--------+--------+--------+--------+--------+-----+--------+

Top non-repeatable levels by time:
     D:1: 951 daAuts
     D:2: 22 daAuts
